 Dungeon Sprint DCSS version 0.27-a0-334-g52645efa06 (webtiles) character file.

Game seed: 15026293718594595551

23 sahdkjhfkaj the Changer (level 2, -5/14 HPs)
             Began as a Vine Stalker Transmuter on Feb 13, 2021.
             Killed by nerve-wracking pain
             ... invoked by a shadow imp
              (8 damage)
             ... in the Dungeon (Sprint IX: "|||||||||||||||||||||||||||||").
             The game lasted 00:00:28 (330 turns).

sahdkjhfkaj the Changer (Vine Stalker Transmuter)    Turns: 330, Time: 00:00:29

Health: -5/14      AC:  2    Str: 12    XL:     2   Next: 95%
Magic:  0/6        EV: 12    Int: 13    God:
Gold:   0          SH:  0    Dex: 14    Spells: 2/5 levels left

rFire    . . .     SeeInvis .     - Unarmed
rCold    . . .     Faith    .   (no shield)
rNeg     . . .     Spirit   +   a - +0 robe
rPois    .         Reflect  .   (helmet currently unavailable)
rElec    .         Harm     .   (no cloak)
rCorr    .         Rampage  .   (no gloves)
Will     .....     NoTele   +   (boots currently unavailable)
Stlth    +.........             (no amulet)
HPRegen  0.04/turn              (no ring)
MPRegen  0.10/turn              (no ring)

@: appendages (expiring), wereblooded
A: fangs 2, horns 2, talons 2, magic shield, antimagic bite, no potion heal 3
a: End Transformation


You were in the Dungeon.
You had grown temporary horns.
You had grown temporary talons.
You visited 1 branch

Inventory:

Armour
 a - a +0 robe (worn)
Scrolls
 g - a scroll of blinking {@r4}
Potions
 c - a potion of curing {@q1}
 d - a potion of haste {@q3}
 e - 2 potions of magic
 f - a potion of berserk rage


   Skills:
 - Level 0.8 Fighting
 - Level 1.5 Dodging
 + Level 4.3 Unarmed Combat
 - Level 2.1 Spellcasting
 * Level 4.9 Transmutations


You had 2 spell levels left.
You knew the following spells:

 Your Spells              Type           Power        Failure   Level
a - Beastly Appendage     Tmut           28%          3%          1
w - Wereblood             Tmut           14%          4%          2

Your spell library contained the following spells:

 Spells                   Type           Power        Failure   Level
 Spider Form              Tmut/Pois      3%           26%         3
 Ice Form                 Ice/Tmut       7%           65%         4
 Blade Hands              Tmut           7%           67%         5


Dungeon Overview and Level Annotations

Branches:
Dungeon (1/1)

Altars:


Innate Abilities, Weirdness & Mutations

You have extremely sharp teeth.
When hurt, damage is shared between your health and your magic reserves.
Your bite disrupts and absorbs the magic of your enemies.
Potions cannot restore your health.
You have a pair of horns on your head.
You have razor-sharp toenails.


Message History

The white imp is lightly wounded.
The white imp closely misses you.
You hit the white imp. Your kick misses the white imp.
You headbutt the white imp.
You bite the white imp, but do no damage.
The white imp is severely wounded.
The shadow imp shouts, "Flee, thou rank rude-growing codpiece!"
The white imp closely misses you.
Unknown command.
You closely miss the white imp.
You claw the white imp, but do no damage.
You bite the white imp.
The white imp's magic leaks into the air.
You drain its magic.
You feel invigorated.
The white imp is almost dead.
The white imp hits you.
* * * LOW HITPOINT WARNING * * *
The white imp freezes you.
* * * LOW HITPOINT WARNING * * *
You barely miss the white imp. Your kick misses the white imp.
Your bite misses the white imp.
The white imp is almost dead.
Unknown command.
You closely miss the white imp. Your kick misses the white imp.
Your bite misses the white imp.
The white imp is almost dead.
You howl as the wereblood boils in your veins!
The white imp falters for a moment.
Unknown command.
You hit the white imp but do no damage. Your kick misses the white imp.
You headbutt the white imp.
You kill the white imp!
You howl as the wereblood boils in your veins!
Your transformation is almost over.
You hit the shadow imp but do no damage.
Your kick misses the shadow imp. The shadow imp gestures at you.
Pain shoots through your body!
Ouch! That really hurt!
You die...

▓+▓
▓.▓
▓.▓
▓Z▓
▓Z▓
▓5▓
▓@▓
▓.▓
▓.▓
▓.▓
▓)▓
▓)▓
▓'▓
▓.▓
▓.▓


You could see a shadow imp, an adder zombie and a bat skeleton.

Vanquished Creatures
  An adder (D)
  A white imp (D)
  A dart slug (D)
  A goblin (D)
  A kobold (D)
  A frilled lizard (D)
  A rat (D)
7 creatures vanquished.

Notes
Turn   | Place    | Note
-------+----------+-------------------------------------------
     0 | D        | sahdkjhfkaj the Vine Stalker Transmuter began the quest for
                  | the Orb.
     0 | D        | Reached XP level 1. HP: 9/9 MP: 4/4
    26 | D        | Reached XP level 2. HP: 2/14 MP: 6/6
   311 | D        | Learned a level 2 spell: Wereblood
   330 | D        | Killed from afar by a shadow imp

Illustrated notes

Levels and vault maps discovered:
D:        linesprint [early_d, line_temple, items_1, d_10, items_2, lair_1,
          lair_end, items_3, orc_1, orc_end, items_4, d_15, swamp_1, shoals_1,
          snake_1, spider_1, d_20, vaults_1, items_5, swamp_end, shoals_end,
          snake_end, spider_end, vaults_end, d_27, items_6, zot_1, zot_end,
          crypt_end, forest_end, elf_end, slime_end, tomb_end, abyss_end,
          pan_hell_end]

Skill      XL: |  1  2 |
---------------+-------+-----
Transmutations | 3 4 |  4.9
Unarmed Combat | 4 |  4.3
Fighting       | |  0.8
Dodging        | |  1.5
Spellcasting   | |  2.1

Action                   || total
-------------------------++-------
Melee: Unarmed           ||    30
       Bite              ||     8
       Kick              ||     3
       Headbutt          ||     3
 Cast: Beastly Appendage ||     2
       Wereblood         ||     1
Armor: Robe              ||     2
Dodge: Dodged            ||    12

Table legend: (Time is in decaauts)
 A = Elapsed time spent in this place.
 B = Non-inter-level travel time spent in this place.
 C = Inter-level travel time spent in this place.
 D = Time resting spent in this place.
 E = Time spent auto-exploring this place.
 F = Levels seen in this place.
 G = Mean time per level.
                   A        B        C        D        E       F      G
               +--------+--------+--------+--------+--------+-----+--------+
         Total |    327 |    327 |      0 |    282 |      0 |   1 |  327.0 |
       Dungeon |    327 |    327 |      0 |    282 |      0 |   1 |  327.0 |
               +--------+--------+--------+--------+--------+-----+--------+

Top non-repeatable levels by time:
       D: 327 daAuts
